[Event "Championnat d'Europe de Blitz"]
[Date "2024.12.09"]
[White "Fressinet, Laurent"]
[Black "Arnaudov, G. Petar"]
[WhiteElo "2588"]
[BlackElo "2401"]
[Round "3.9"]
[Result "0-1"]
[TimeControl "180+2"]

1. Nf3 Nf6 2. g3 d5 3. Bg2 e6 4. d4 Be7 5. c4 O-O 6. Qc2 a5 7. O-O Nbd7 8. Nbd2 c5 9. cxd5 exd5 10. b3 b6 11. Bb2 Ba6 12. Ne5 Rc8 13. Ndf3 cxd4 14. Qd1 Nc5 15. Nxd4 Bd6 16. Nef3 Re8 17. Re1 Nce4 18. a3 Ng4 19. Rf1 Nc3 20. Bxc3 Rxc3 21. Qd2 Rc7 22. Rfe1 Nf6 23. Nf5 Bf8 24. N3d4 Ne4 25. Qf4 g6 26. Nh6+ Bxh6 27. Qxh6 Qf6 28. Qe3 Rc3 29. Qf4 Qxd4 30. Rad1 Qe5 31.
Qh4 Qf6 32.
Qxf6 Nxf6 33. b4 Bxe2 34. Rd2 Bc4 0-1

[Site "Europe Echecs"]

[Event "Championnat d'Europe de Blitz"]
[Date "2024.12.09"]
[White "Domingo Nunez, Ruben"]
[Black "Pultinevicius, Paulius"]
[WhiteElo "2409"]
[BlackElo "2579"]
[Round "3.10"]
[Result "1/2-1/2"]
[TimeControl "180+2"]

1. e4 c6 2.
Nf3 d5 3. Nc3 Bg4 4. h3 Bxf3 5. Qxf3 e6 6. g3 Nd7 7. Bg2 g6 8. d4 Bg7 9.
Be3 Ne7 10.
O-O Qb6 11.
Rab1 O-O 12.
Rfd1 dxe4 13. Nxe4 Nf5 14. c3 e5 15. dxe5 Nxe5 16. Bxb6 Nxf3+ 17. Bxf3 axb6 18. a3 Rad8 19.
Bg4 Ne7 20.
Nd6 Rb8 21.
Nc4 b5 22.
Nb6 Rfd8 23.
Nd7 Ra8 24. Nc5 b6 25. Nb7 Rdb8 26. Rd7 Nd5 27. Bf3 Ra7 28. Rd8+ Rxd8 29. Nxd8 Rd7 30. Nxc6 Nf6 31. Rd1 Rc7 32. Rd8+ Bf8 33.
Nd4 Rc5 34. Rb8 Nd7 35. Rb7 Ne5 36. Be2 Rd5 1/2-1/2

[Site "Europe Echecs"]

[Event "Championnat d'Europe de Blitz"]
[Date "2024.12.09"]
[White "Kadric, Denis"]
[Black "Mohr, Georg"]
[WhiteElo "2544"]
[BlackElo "2385"]
[Round "3.11"]
[Result "0-1"]
[TimeControl "180+2"]

1. e4 c5 2. Nc3 e6 3. Nge2 Nc6 4. g3 d5 5. exd5 exd5 6. d4 Nf6 7. Be3 cxd4 8. Bxd4 Nxd4 9. Qxd4 Qb6 10. Qxb6 axb6 11. Bg2 Be6 12.
O-O-O O-O-O 13. Nf4 d4 14. Nxe6 fxe6 15. Nb5 Bc5 16. Rhe1 Ng4 17. Rxe6 Nxf2 18. Rd2 Rhf8 19. a3 d3 20. b4 Bd4 21. cxd3 Bf6 22. Rc2+ Kb8 23. Rxb6 Nxd3+ 24. Kb1 Rd7 25. Nd6 Ne1 26. Re2 Nxg2 27. Rxg2 Bd8 28. Nc4 Bxb6 29. Nxb6 Rd4 30. Kb2 Rfd8 31. Kb3 Rd3+ 32. Ka4 Rd2 33. Rg1 Rd1 34.
Rxd1 Rxd1 35. Nc4 Kc7 36. Kb5 Rh1 37. h4 Rg1 38. Ne3 Rxg3 39. Nd5+ Kb8 40. a4 Rh3 41. Kc5 Rxh4 42. a5 Rh5 43. b5 g5 44. Nf6 Rh6 45. Nd7+ Kc7 46. Ne5 Rh5 47. b6+ Kc8 48. Nf7 g4+ 49. Kb4 g3 50.
Nd6+ Kb8 0-1

[Site "Europe Echecs"]

[Event "Championnat d'Europe de Blitz"]
[Date "2024.12.09"]
[White "Hamitevici, Vladimir"]
[Black "Alonso Rosell, Alvar"]
[WhiteElo "2423"]
[BlackElo "2532"]
[Round "3.12"]
[Result "0-1"]
[TimeControl "180+2"]

1. c4 c5 2.
g3 Nf6 3.
Bg2 Nc6 4.
Nc3 g6 5. d3 d6 6. b3 Bg7 7. Bb2 Bd7 8. e3 Rb8 9. Nge2 h5 10. h3 a6 11. Qd2 b5 12. Nd5 e6 13. Ndc3 Qe7 14. O-O e5 15. f4 O-O 16. Rae1 Qd8 17. Kh2 Nh7 18. Ne4 f5 19. Nxd6 Qe7 20. Bd5+ Kh8 21. Nf7+ Rxf7 22. Bxf7 Qxf7 23. fxe5 0-1

[Site "Europe Echecs"]

[Event "Championnat d'Europe de Blitz"]
[Date "2024.12.09"]
[White "Pantsulaia, Levan"]
[Black "Krallis, Christos"]
[WhiteElo "2522"]
[BlackElo "2383"]
[Round "3.13"]
[Result "0-1"]
[TimeControl "180+2"]

1. Nf3 c5 2.
c4 Nf6 3. g3 g6 4. b3 Bg7 5. Bb2 O-O 6. Bg2 Nc6 7. O-O d6 8. Nc3 Bf5 9. d3 Qd7 10. Qd2 Bh3 11. Nd5 Bxg2 12.
Kxg2 Nxd5 13. cxd5 Nd4 14. Ng1 e6 15. e3 Nf5 16. Bxg7 Nxg7 17. dxe6 fxe6 18. f4 e5 19. Nf3 exf4 20. exf4 Rae8 21. Rae1 Qc6 22. Kf2 Qd5 23. Qc3 Nf5 24. Qc4 Qf7 25.
Ng5 Qxc4 26.
dxc4 Nd4 27. Rxe8 Rxe8 28. Re1 Rxe1 29. Kxe1 Nf5 30. Kf2 b6 31. Ne4 Kf8 32. g4 Nh6 33. Kf3 Nf7 34. Nf6 h6 35. Ke4 Ke7 36. Ng8+ Kf8 37. Nf6 Ke7 38. Nd5+ Kd7 39. h4 Nd8 40. h5 gxh5 41. gxh5 Ke6 42. Nc7+ Kd7 43. Nb5 a6 44. Nc3 Ne6 45. Nd5 Ng7 46. Nxb6+ Ke6 47. Na8 Kd7 48. Nb6+ Ke6 49. Na4 Nxh5 50. f5+ Kf7 51. Kd5 Nf6+ 52. Kxd6 h5 53.
Nxc5 h4 54.
Ne6 Ne4+ 55. Ke5 h3 56. Kxe4 h2 57. Ke5 h1=Q 58. c5 Qe1+ 59. Kd6 Qd2+ 60.
Ke5 Qc3+ 61. Kd6 Qb4 62. Kd5 Ke7 63. Nd4 Qd2 64. a4 Qd3 65. Ke5 Kd7 66. Kd5 a5 67. Ke5 Qe3+ 68. Kd5 Kc7 69. Nb5+ Kb7 70. Nd4 Qe8 71. Kc4 Qf7+ 72. Kc3 Qd5 73. Ne6 Qxf5 74. c6+ Kb6 75. Nd4 Qc5+ 76. Kd3 Qc1 77.
Ke4 Qc5 78.
Kd3 Qd5 79. Kc3 Kc5 0-1

[Site "Europe Echecs"]

[Event "Championnat d'Europe de Blitz"]
[Date "2024.12.09"]
[White "Nevednichy, Vladislav"]
[Black "Muradli, Mahammad"]
[WhiteElo "2451"]
[BlackElo "2588"]
[Round "3.14"]
[Result "0-1"]
[TimeControl "180+2"]

1. e4 c5 2.
Nf3 d6 3.
Bb5+ Bd7 4. c4 Nf6 5. Nc3 g6 6. d4 cxd4 7. Nxd4 Nc6 8. O-O Bg7 9. Bxc6 bxc6 10. h3 O-O 11. Be3 c5 12. Nde2 Bc6 13. f3 Nd7 14. Qd2 Re8 15. b3 Qb6 16. Rab1 Qb7 17. Bh6 Bh8 18. h4 Ne5 19. h5 Bd7 20. Nd5 Nc6 21. Bg5 Be6 22. hxg6 hxg6 23. Be3 a5 24. a4 Bxd5 25. exd5 Nb4 26. Nc3 e6 27. Ne4 Qc7 28. dxe6 Rxe6 29. Bf4 Bd4+ 30. Kh2 Rae8 31. g4 f6 32. Kg3 g5 33. Be3 d5+ 34.
Kg2 dxe4 35.
f4 Bxe3 36.
Qxe3 gxf4 37. Rxf4 Nc2 38. Qg3 Nd4 39. Re1 e3 40. g5 fxg5 41. Qxg5+ Qg7 42. Rg4 Qxg5 43. Rxg5+ Kf7 44.
Rxc5 e2 45. Rxa5 Nc2 46. Rc1 e1=Q 47. Rxe1 Nxe1+ 0-1

[Site "Europe Echecs"]

[Event "Championnat d'Europe de Blitz"]
[Date "2024.12.09"]
[White "Dardha, Daniel"]
[Black "Larkin, Vladyslav"]
[WhiteElo "2639"]
[BlackElo "2449"]
[Round "3.15"]
[Result "0-1"]
[TimeControl "180+2"]

1. d4 d6 2. Nf3 Bg4 3. e3 c6 4. Be2 Nd7 5. h3 Bh5 6. c4 Ngf6 7. Nc3 e5 8. g4 Bg6 9. Nh4 Be4 10. Nxe4 Nxe4 11. Nf3 Be7 12. Qc2 Nef6 13. g5 Nh5 14. h4 g6 15. Bd2 Qc7 16. O-O-O O-O-O 17. Kb1 Kb8 18. Bc3 Rhe8 19. c5 e4 20. cxd6 Bxd6 21. Nd2 f5 22. Nc4 Nb6 23. Ba5 Ng7 24. Qb3 Qe7 25. Bxb6 axb6 26. Nxb6 Bc7 27. Na4 Bd6 28. Rc1 Qc7 29. d5 c5 30. Bb5 Re7 31. Bc6 Qa5 32. Bb5 Rc7 33. Rc4 Qd2 34. Rc2 Qa5 35. Nc3 Be5 36. Be2 Bxc3 37. Rxc3 Ne8 38. h5 Nd6 39. hxg6 hxg6 40. Rh6 Rg8 41. a3 Rcc8 42. Rh7 Rc7 43. Rh1 Rcc8 44. Ka2 Rc7 45. Rc2 Rgc8 46. Rh6 c4 47. Qc3 Qxd5 48. Rd2 Qe6 49. Ka1 Nb5 50. Qf6 Qxf6 51.
gxf6 c3 52. bxc3 Nxc3 53. Rxg6 Rc6 54. Rb2 Na4 55. Rd2 Rb6 56. Rg1 Rxf6 57. Rb1 Nc3 58. Rb4 Rfc6 59. Kb2 Rc5 60. Bh5 R8c7 61. Be8 Nd5 62. Rbd4 Nb6 63. Ka2 Nc4 64. Rc2 Ne5 65. Rxc5 Rxc5 66. Ba4 Nd3 67. f4 Ka7 68. Bb3 Nc1+ 69. Kb2 Nxb3 70. Kxb3 Ka6 71.
Kb4 Rb5+ 72.
Kc4 Ra5 73.
Rd6+ b6 74.
Kb3 Rb5+ 75. Kc2 Rc5+ 76. Kd2 Rb5 77. Rf6 Ka5 78. Kc3 Ka4 79. Rf8 Rc5+ 80. Kb2 Rd5 81. Ra8+ Kb5 82. Kc2 Rd3 83. Rf8 Rxe3 84. Rxf5+ Kc4 85. Re5 Kd4 86. Re8 Rxa3 87. f5 Rf3 88. Re6 b5 89. f6 b4 90. Rb6 Rf2+ 91. Kb3 e3 92. Re6 Kd3 93. Kxb4 e2 94. Kc5 Rxf6 95. Rxf6 e1=Q 96.
Rd6+ Kc3 97. Kc6 Qe4+ 98. Kb5 Qe5+ 99. Kc6 Kc4 100. Kd7 Kc5 101. Re6 Qf5 102. Ke7 Qh7+ 103. Kf6 Kd5 104. Re5+ Kd6 105. Re6+ Kd7 106. Re5 Qh6+ 107.
Kf5 Kd6 108. Re4 Qh5+ 109. Kf4 Kd5 110. Re3 Qh4+ 111. Kf5 Qf2 0-1

[Site "Europe Echecs"]

[Event "Championnat d'Europe de Blitz"]
[Date "2024.12.09"]
[White "Kilic, Eray"]
[Black "Kazakouski, Valery"]
[WhiteElo "2459"]
[BlackElo "2567"]
[Round "3.16"]
[Result "0-1"]
[TimeControl "180+2"]

1. d4 Nf6 2.
Nc3 d5 3.
Bf4 c5 4. e3 cxd4 5. exd4 a6 6. Nf3 Nc6 7. Ne5 e6 8. g4 Bd6 9. g5 Bxe5 10. dxe5 Nd7 11. Qe2 d4 12. Ne4 Ndxe5 13. O-O-O O-O 14. Bg2 d3 15. cxd3 Ng6 16. Bd6 Re8 17. Kb1 e5 18. Qe3 Bg4 19. Rc1 Nf4 20. Bf1 Bf5 21. Bc5 Bxe4 22. dxe4 Qxg5 23. Bc4 Rad8 24.
Rhg1 Qf6 25.
Rg3 Na5 26.
Bf1 Rc8 27.
Bb4 Rxc1+ 28. Kxc1 Nc6 29. Bc3 Rd8 30. Bc4 b5 31. Bd5 Nxd5 32. exd5 Rxd5 33. Qe4 Qe6 34. a3 a5 35. b4 axb4 36. axb4 f5 37. Qg2 g6 38. h4 Nd4 39. Kb2 Ne2 40. Re3 Nxc3 41. Rxc3 e4 42. Qg5 Qe5 43. Kc2 Qd4 44. Rc8+ Kf7 45. Rc7+ Rd7 46. Rxd7+ Qxd7 47. Qh6 Qd3+ 0-1

[Site "Europe Echecs"]

[Event "Championnat d'Europe de Blitz"]
[Date "2024.12.09"]
[White "Van Foreest, Lucas"]
[Black "Gatineau, Yovann"]
[WhiteElo "2520"]
[BlackElo "2363"]
[Round "3.17"]
[Result "1-0"]
[TimeControl "180+2"]

1. e4 e6 2. d4 d5 3. Nd2 c5 4. exd5 exd5 5. Ngf3 cxd4 6. Bb5+ Nc6 7. O-O Nf6 8. Nxd4 Bd7 9. N2f3 Be7 10. c3 O-O 11. h3 Re8 12. Bd3 h6 13. Nxc6 bxc6 14. Ne5 Bd6 15. Nxd7 Qxd7 16. Qf3 Ne4 17. Be3 Re6 18. Rad1 Rae8 19. c4 Rf6 20. Qg4 Qb7 21. Bd4 Rg6 22. Qh4 Be7 23. Qh5 Bf6 24. Bxf6 Rxf6 25. cxd5 cxd5 26.
Bxe4 dxe4 27. b3 Qb6 28. Qd5 e3 29. fxe3 Qxe3+ 30. Kh1 Rxf1+ 31. Rxf1 Qe6 32. Qc5 a6 33. Qd4 Rc8 34. Qd3 g6 35. a3 Rc5 36. b4 Rd5 37. Qc3 h5 38. Re1 Qd7 39. Qf3 Rf5 40. Qa8+ Kg7 41. Qxa6 Qd2 42. Qe2 Qc3 43. b5 Qxa3 44. Rb1 Qd6 45.
b6 Re5 46.
Qb2 Qb8 47.
b7 f6 48. Qc3 Re8 49. Qc6 Qe5 50. Qxe8 1-0

[Site "Europe Echecs"]

[Event "Championnat d'Europe de Blitz"]
[Date "2024.12.09"]
[White "Asllani, Muhamet"]
[Black "Fridman, Daniel"]
[WhiteElo "2112"]
[BlackElo "2571"]
[Round "3.18"]
[Result "0-1"]
[TimeControl "180+2"]

1. d4 d5 2.
Nf3 Nf6 3. c4 e6 4. Nc3 c6 5. Bg5 dxc4 6. a4 b5 7. axb5 cxb5 8. Bxf6 gxf6 9. Nxb5 Qb6 10. Nc3 Qxb2 11. Rc1 Bb4 12. Qc2 Qxc2 13. Rxc2 Nd7 14. e3 Nb6 15. Nd2 Bb7 16. f3 Nd5 17. Nxd5 exd5 18. Kf2 a5 19. e4 c3 20. Bb5+ Kf8 21. Nb1 dxe4 22. Nxc3 f5 23. Rd1 Rc8 24. Rdc1 Kg7 25. Na2 Bd6 26. Bd7 Rxc2+ 27. Rxc2 Kf6 28. Rb2 Rb8 29.
Nc3 Bb4 30.
Na2 Bd5 31.
Ba4 Be1+ 0-1

[Site "Europe Echecs"]

[Event "Championnat d'Europe de Blitz"]
[Date "2024.12.09"]
[White "Quparadze, Giga"]
[Black "Popovic, Milos T"]
[WhiteElo "2537"]
[BlackElo "2334"]
[Round "3.19"]
[Result "1-0"]
[TimeControl "180+2"]

1. e4 c5 2. Nf3 Nc6 3. Bb5 e5 4. O-O Nge7 5. c3 g6 6. d4 cxd4 7. cxd4 exd4 8. Nxd4 Bg7 9. Be3 O-O 10. Nc3 d5 11.
exd5 Nxd5 12. Nxc6 bxc6 13. Bxc6 Nxe3 14. fxe3 Rb8 15. Qxd8 Rxd8 16. Bd5 Be6 17. Bxe6 fxe6 18. Rab1 Rd2 19. Na4 Rb4 20. b3 Bh6 21. Rbe1 Rxa2 22. Nc5 Rb5 23. Nxe6 Rxb3 24. Rd1 Rb8 25. e4 Re2 26. Kh1 Rxe4 27. Nc5 Rf4 28. Rfe1 Bf8 29. Ne6 Rf7 30. Nd4 Rd8 31. Nc6 Rxd1 32. Rxd1 Bc5 33. g3 Kg7 34. Nd8 Re7 35. Nc6 Rc7 36. Ne5 Bb6 37. Nf3 a5 38. Ng5 Ra7 39. Ne6+ Kf6 40. Nf4 Bc5 41.
Rc1 Bb4 42.
Nd5+ Ke5 43. Ne3 Ke4 44. Nc4 Kd3 45. Nb2+ Kd2 46. Rc4 Rd7 47. Na4 Kd3 48. Rc6 Ke4 49. Kg2 Rd2+ 50. Kh3 Ra2 51. Nb6 a4 52. Rc4+ Kd3 53. Rxb4 a3 54. Rb3+ Kc2 55. Rf3 Rb2 56. Rf2+ Kd3 57. Rf3+ Ke4 58. Rf4+ Kd3 59. Nc4 a2 60. Nxb2+ Kc2 61. Ra4 Kxb2 62. Kg4 1-0

[Site "Europe Echecs"]

[Event "Championnat d'Europe de Blitz"]
[Date "2024.12.09"]
[White "Mastrovasilis, Dimitrios"]
[Black "Perunovic, Miodrag"]
[WhiteElo "2537"]
[BlackElo "2357"]
[Round "3.20"]
[Result "1-0"]
[TimeControl "180+2"]

1. e4 e5 2.
Nf3 Nc6 3. Nc3 Nf6 4. d4 exd4 5. Nxd4 Nxe4 6. Nxe4 Qe7 7. Bd3 Nxd4 8. O-O d5 9. Bc4 dxc4 10. Qxd4 Be6 11. Bg5 Qd7 12. Qc3 h6 13. Bh4 f5 14. Rad1 Qf7 15. Qd4 Be7 16. Nc5 Bxc5 17. Qd8+ 1-0

[Site "Europe Echecs"]

[Event "Championnat d'Europe de Blitz"]
[Date "2024.12.09"]
[White "Pacher, Milan"]
[Black "Smeets, Jan"]
[WhiteElo "2310"]
[BlackElo "2552"]
[Round "3.21"]
[Result "0-1"]
[TimeControl "180+2"]

1. Nf3 d5 2.
e3 Nf6 3. b3 Bg4 4. Bb2 e6 5. c4 Bd6 6. Nc3 c6 7. h3 Bh5 8. g4 Bg6 9. Nh4 Qe7 10. Nxg6 hxg6 11. Bg2 Ba3 12. Qc1 Bxb2 13. Qxb2 Nbd7 14. O-O-O O-O-O 15. cxd5 exd5 16. Kb1 Kb8 17. d4 g5 18. Rc1 Nb6 19. a4 a5 20. Na2 Nc8 21. Rc5 Nd7 22. Rc2 Rde8 23. Rhc1 Qd8 24. b4 axb4 25. Nxb4 Ka8 26. Nxc6 bxc6 27. Rxc6 Qa5 28. Bf1 Ncb6 29. R1c5 Nxc5 30. dxc5 Nxa4 31. Qa3 Rb8+ 32. Kc2 Rhc8 33. Ra6+ Qxa6 0-1

[Site "Europe Echecs"]

[Event "Championnat d'Europe de Blitz"]
[Date "2024.12.09"]
[White "Danov, Lyubomir"]
[Black "Motylev, Alexander"]
[WhiteElo "2297"]
[BlackElo "2596"]
[Round "3.22"]
[Result "0-1"]
[TimeControl "180+2"]

1. e4 c5 2.
Nf3 d6 3. d4 cxd4 4. Nxd4 Nc6 5. c4 g6 6. Nc3 Nf6 7. Be2 Nxd4 8. Qxd4 Bg7 9. O-O O-O 10. Qd3 Bd7 11. Be3 a6 12. a4 a5 13. Rfd1 Bc6 14. f3 Nd7 15. Qc2 Rc8 16. Rac1 Re8 17. b3 Qc7 18. Qd2 Nc5 19. Rb1 Rcd8 20. Nd5 Bxd5 21. cxd5 Rc8 22. Bb5 Red8 23. Kh1 Ra8 24. Qe1 Rdc8 25. Qh4 Bf6 26. Qf2 Qd8 27. g4 g5 28. h4 h6 29. Kg2 Qf8 30. hxg5 hxg5 31. Rh1 Qg7 32. Rh5 Na6 33. Bxa6 bxa6 34. Qd2 Bc3 35. Qd3 f6 36. Rbh1 Be5 37. Qd2 Rc3 38. Bxg5 Rac8 39. Bh6 Rc2 0-1

[Site "Europe Echecs"]

[Event "Championnat d'Europe de Blitz"]
[Date "2024.12.09"]
[White "Baidetskyi, Valentin"]
[Black "Aizenberg, Benny"]
[WhiteElo "2519"]
[BlackElo "2425"]
[Round "3.23"]
[Result "0-1"]
[TimeControl "180+2"]

1. e4 c5 2. Nf3 e6 3. d4 cxd4 4. Nxd4 Nf6 5. Nc3 Nc6 6. Nxc6 bxc6 7. e5 Nd5 8. Ne4 Qc7 9. f4 Rb8 10. a3 Qb6 11. Bd3 Ba6 12. c4 Qd4 13. cxd5 Bxd3 14. Nf2 Rxb2 15. Nxd3 Qe4+ 16. Be3 Qxe3+ 17. Kf1 Rd2 18. Qf3 Qxf3+ 19. gxf3 Rxd3 20. dxc6 dxc6 21. Ke2 Rd5 22. Rab1 Bc5 23. Rb8+ Rd8 24. Rxd8+ Kxd8 25. Rc1 Bxa3 26. Rxc6 Kd7 0-1

[Site "Europe Echecs"]

[Event "Championnat d'Europe de Blitz"]
[Date "2024.12.09"]
[White "Dobrikov, Marco"]
[Black "Ragger, Markus"]
[WhiteElo "2407"]
[BlackElo "2577"]
[Round "3.24"]
[Result "0-1"]
[TimeControl "180+2"]

1. Nf3 Nf6 2. d4 g6 3. c4 Bg7 4. Nc3 d5 5. Qb3 dxc4 6. Qxc4 Be6 7. Qd3 c5 8. e4 cxd4 9. Nxd4 Bd7 10. Be2 Nc6 11. Nxc6 Bxc6 12. Qxd8+ Rxd8 13. f3 Nd7 14. Be3 a6 15. Kf2 O-O 16. Rac1 f5 17. exf5 gxf5 18. Rhd1 f4 19. Bd4 e5 20. Ba7 Ra8 21. Bc4+ Kh8 22. Rxd7 Bxd7 23. Bb6 Rac8 24. Bd5 Bc6 25. Rd1 Bxd5 26.
Rxd5 Rc6 27.
Bc5 Rfc8 28.
Ba3 b5 29.
Ke2 Rc4 30.
Bd6 Rd4 31.
Bxe5 Rxd5 32. Bxg7+ Kxg7 33. Nxd5 Rc2+ 34. Kd3 Rxg2 35. Nxf4 Rxb2 36. Kd4 0-1

[Site "Europe Echecs"]

[Event "Championnat d'Europe de Blitz"]
[Date "2024.12.09"]
[White "Peyrer, Konstantin"]
[Black "Stanojoski, Zvonko"]
[WhiteElo "2440"]
[BlackElo "2401"]
[Round "3.25"]
[Result "1-0"]
[TimeControl "180+2"]

1. Nf3 c5 2. c4 g6 3. g3 Bg7 4. Bg2 Nf6 5. Nc3 O-O 6. O-O Nc6 7. d4 cxd4 8. Nxd4 Ng4 9. Nc2 d6 10. Bd2 Bd7 11. Rc1 Rc8 12. b3 a6 13. e4 Nf6 14. Ne3 Nd4 15. Ncd5 Bc6 16. Bc3 e5 17. Qd2 Bxd5 18. cxd5 Nd7 19. Nc4 Nc5 20. Ba5 Qe7 21. Nb6 Rb8 22. b4 Nd7 23. Rc7 Rfd8 24. Rfc1 Nb5 25. Nxd7 Rxd7 26. Rc8+ Rxc8 27. Rxc8+ Bf8 28. Bh3 Nd4 29. Qd3 b6 30. Bxb6 Rb7 31. Bxd4 exd4 32. Qxd4 Rc7 33. Ra8 Rc1+ 34. Kg2 Qb7 35. Qd2 Rb1 36. Rc8 Qb5 37. Rc1 Rxb4 38. Qc2 Be7 39. Bg4 Kg7 40. Be2 Qb6 41. Qc6 Qd4 42. Bf3 Bf6 43. Rc2 Qd3 44. Qc8 Ra4 45. Qc6 Ra3 46. Be2 Qxe4+ 47. Kg1 Qe5 48. Bf1 Ra5 49. Bxa6 Rxd5 50. Bf1 Rd1 51. Qc4 d5 52. Qb5 Qa1 53. Qe2 d4 54. Rd2 Rxd2 55. Qxd2 Qc3 56. Qd1 1-0

[Site "Europe Echecs"]

[Event "Championnat d'Europe de Blitz"]
[Date "2024.12.09"]
[White "Fromm, Marius"]
[Black "Koelle, Tobias"]
[WhiteElo "2459"]
[BlackElo "2437"]
[Round "3.26"]
[Result "0-1"]
[TimeControl "180+2"]

1. c4 e5 2. Nc3 Nf6 3. Nf3 e4 4. Ng5 c6 5. Ngxe4 Nxe4 6. Nxe4 d5 7. cxd5 cxd5 8. Ng3 h5 9. e3 h4 10. Ne2 Nc6 11. d4 Bd6 12. Nc3 Qf6 13. Bd3 Be6 14. Qf3 Qd8 15. Bd2 Bc7 16. h3 Qd7 17. Rc1 Rh6 18. a3 Kf8 19. Na4 Qe7 20. Nc5 Re8 21. Nxe6+ Qxe6 22. Kd1 Kg8 23. Be1 Ba5 24. Qf5 Qd6 25. Rc5 Bb6 26. Rxd5 Qf8 27.
Qf3 Rd8 28.
Rh5 Rxh5 29. Qxh5 g6 30. Qxh4 Bxd4 31. exd4 Rxd4 32. Qg3 Rd5 33. Bc3 b5 34. Kc2 a5 35. Be4 Rc5 36. Bxc6 Rxc6 37. Qf3 Qc8 38. Kb1 b4 39. axb4 axb4 40. Bxb4 Ra6 41. Bc3 Qe6 42. Re1 Qa2+ 43. Kc1 Qa1+
44. Kc2 Qa4+ 45. Kd2 Rd6+ 0-1

[Site "Europe Echecs"]

[Event "Championnat d'Europe de Blitz"]
[Date "2024.12.09"]
[White "Livaic, Leon"]
[Black "Narva, Mai"]
[WhiteElo "2560"]
[BlackElo "2413"]
[Round "3.27"]
[Result "1-0"]
[TimeControl "180+2"]

1. d4 Nf6 2. c4 g6 3. Nc3 Bg7 4. e4 d6 5. h3 O-O 6. Be3 Nc6 7. d5 Ne5 8. f4 Ned7 9. g4 c6 10. Nf3 cxd5 11. cxd5 Qa5 12. Bd3 Nc5 13. O-O b6 14. Re1 Nxd3 15. Qxd3 Ba6 16. Qd2 Rfd8 17. Nd4 Bb7 18. a3 Rac8 19. Rec1 Qa6 20. b4 Rxc3 21. Qxc3 Rc8 22. b5 Rxc3 23. bxa6 Rxc1+ 24. Rxc1 Bxa6 25. Rc7 Nxe4 26.
Nc6 Bf6 27.
g5 Bb2 28.
Rxa7 Bc4 29.
Nxe7+ Kg7 30. Rb7 b5 31. a4 Ng3 32. axb5 Ne2+ 33. Kf2 Nd4 34. b6 Nc2 35. Rb8 h6 36. b7 hxg5 37. Rg8+ 1-0

[Site "Europe Echecs"]

[Event "Championnat d'Europe de Blitz"]
[Date "2024.12.09"]
[White "Saric, Ante"]
[Black "Alienkin, Aleksander"]
[WhiteElo "2482"]
[BlackElo "2337"]
[Round "3.28"]
[Result "1-0"]
[TimeControl "180+2"]

1. Nf3 Nf6 2. g3 b6 3. Bg2 Bb7 4. O-O c5 5. c4 g6 6. d4 cxd4 7. Qxd4 Bg7 8. Nc3 O-O 9. Qh4 d6 10. Bh6 Nbd7 11. Rfd1 Rc8 12. b3 Rc5 13. Bxg7 Kxg7 14. Rac1 Qa8 15. Qd4 Rfc8 16. Ne1 Bxg2 17. Nxg2 Kg8 18. Ne3 a6 19. Ncd5 Re8 20. a4 a5 21. Rc3 Nxd5 22. Nxd5 Qb7 23. Re3 e5 24. Qh4 Kg7 25. Red3 e4 26. Rd4 f5 27. Ne3 Rc6 28. Rxd6 Rxd6 29. Rxd6 Qc7 30. Rd1 Nc5 31. Qg5 Qf7 32. Rd6 Ne6 33. Qh4 Qc7 34. Rd1 Nc5 35. Qg5 Qf7 36. Nd5 Ne6 37. Qe3 f4 38. Nxf4 Nc5 39. Nd5 Rf8 40. Nxb6 1-0

[Site "Europe Echecs"]

[Event "Championnat d'Europe de Blitz"]
[Date "2024.12.09"]
[White "Bulmaga, Irina"]
[Black "Janik, Igor"]
[WhiteElo "2386"]
[BlackElo "2515"]
[Round "3.29"]
[Result "1-0"]
[TimeControl "180+2"]

1. e4 c6 2.
d4 d5 3. e5 c5 4. dxc5 Nc6 5. f4 h5 6. Nf3 Bg4 7. c3 e6 8. Be3 Nge7 9. Nbd2 Nf5 10. Bf2 Be7 11. h3 Bxf3 12. Nxf3 g5 13. Bd3 Nh6 14. Qe2 Qa5 15. fxg5 Ng8 16. g6 fxg6 17. Bxg6+ Kd7 18. b4 Qa3 19. Qd2 Nh6 20. Be3 Rag8 21. Bd3 Nf7 22. Bb5 Rg3 23. O-O Rhg8 24. Rf2 Rxh3 25. Rb1 Rxf3 26. Rxf3 Nfxe5 27. Rff1 a6 28. Rb3 axb5 29. Rxa3 Nc4 30. Qc1 h4 31. Rb3 h3 32. Rf2 Bh4 33.
Re2 Rg3 34.
Bf4 Rg4 35.
Kh2 e5 36. Be3 Re4 37. Rbb2 Nxb2 38. Rxb2 Ne7 39. Bg5 hxg2 40.
Bxh4 Rxh4+ 41. Kxg2 Nf5 42. Rf2 Rg4+ 43. Kh2 Ke6 44. Qf1 Rg5 45. Qh3 e4 46. Rg2 1-0

[Site "Europe Echecs"]

[Event "Championnat d'Europe de Blitz"]
[Date "2024.12.09"]
[White "Georgiev, Kiril"]
[Black "Herega, Nejc"]
[WhiteElo "2537"]
[BlackElo "2249"]
[Round "3.30"]
[Result "1-0"]
[TimeControl "180+2"]

1. c4 e6 2.
Nf3 d5 3. b3 Nf6 4. Bb2 c5 5. e3 Nc6 6. cxd5 exd5 7. Bb5 Bd6 8. d4 cxd4 9. Qxd4 O-O 10. Bxc6 bxc6 11. O-O Bb7 12. Nbd2 c5 13. Qh4 Be7 14. Rfd1 Ne4 15. Qg4 Bf6 16. Bxf6 Qxf6 17.
Nxe4 dxe4 18. Nd2 Qe7 19. Nc4 Rfd8 20. Qf4 Ba6 21. Nd6 Bd3 22. Nf5 Qf6 23. h4 Rd5 24. Ng3 Qxf4 25. exf4 f5 26. Nf1 g6 27. Ne3 Rd4 28. Rdc1 Rc8 29. Rc3 a5 30. Rac1 a4 31. Rxc5 Rxc5 32. Rxc5 axb3 33. axb3 Rb4 34. Rc8+ Kg7 35. Rc7+ Kg8 36. Nd5 Rxb3 37. Nf6+ Kf8 38. Nxh7+ Ke8 39. Rg7 Rb6 40. Kh2 Rb2 41. Kg3 Rb6 42. Ng5 Bc4 43. Rc7 Bd5 44. Rc5 Rb3+ 45. Kh2 Bb7 46. Rc7 Rb2 47. Nh3 e3 48. Rc1 e2 49. Re1 Ba6 50. Ng1 Kf7 51. f3 Rd2 52. Kg3 Rd1 53. Kf2 Rd4 54. g3 Rd3 55. Rxe2 Bb7 56. Rb2 Bd5 57. Re2 Kf6 58. Re3 Rd2+ 59. Kf1 Bc4+ 60. Ne2 Rd1+ 61. Kg2 Rd2 62. Kf2 Rc2 63.
g4 Rd2 64.
Ke1 Ra2 65. Ng3 Rg2 66. g5+ Kf7 67. Ne2 Rh2 68. Nd4 Rxh4 69. Rc3 Bd5 70. Rc7+ Kg8 71. Rc5 Bf7 72. Rc8+ Kg7 73.
Rc7 Kg8 74. Kf2 Rxf4 75. Ke3 Rh4 76. Nc6 Rc4 77. Ne7+ Kf8 78. Nxg6+ Kg8 79. Rxc4 Bxc4 80. Ne7+ Kf7 81. Nxf5 Kg6 82.
Kf4 Be2 83. Nd4 Bc4 84. Kg4 Ba6 85. f4 Bc8+ 86. f5+ Kg7 87. Kf4 Kf7 88. Nf3 Bb7 89. Ne5+ Kf8 90. f6 Bc8 91. g6 Kg8 92.
Kg5 Be6 93.
Ng4 Bd7 94.
Nh6+ 1-0

[Site "Europe Echecs"]

[Event "Championnat d'Europe de Blitz"]
[Date "2024.12.09"]
[White "Brunner, Nicolas"]
[Black "Pichot, Alan"]
[WhiteElo "2413"]
[BlackElo "2637"]
[Round "3.31"]
[Result "0-1"]
[TimeControl "180+2"]

1. d4 Nf6 2.
c4 e6 3. Nc3 Bb4 4. Nf3 b6 5. e3 Bb7 6. Bd3 O-O 7. O-O d6 8. Bd2 Nbd7 9. Rc1 Bxc3 10. Bxc3 Ne4 11. Be1 a5 12. Nd2 f5 13. Qe2 Qe7 14. f3 Ng5 15. f4 Ne4 16. Nxe4 fxe4 17. Bb1 e5 18. b3 exd4 19. exd4 Rae8 20. Qe3 Nf6 21. h3 d5 22. c5 Ba6 23. Rf2 Qd7 24. g4 Bd3 25. a3 bxc5 26. Bxd3 exd3 27. Qxd3 Ne4 28. Rf1 h5 29. gxh5 Rf5 30. Kh2 Rxh5 31. dxc5 Qf5 32. Bxa5 Re6 33. Bxc7 Rxh3+ 34. Qxh3 Rh6 35. Qxh6 gxh6 36.
Rg1+ Kf7 37. Be5 Qh5+ 38. Kg2 Qe2+ 39. Kh3 Nf2+ 40. Kh4 Nd3 41. Rcf1 Ke6 42. c6 Kf5 43. c7 Qh2+ 0-1

[Site "Europe Echecs"]

[Event "Championnat d'Europe de Blitz"]
[Date "2024.12.09"]
[White "Dvirnyy, Danyyil"]
[Black "Upleger, Martin"]
[WhiteElo "2491"]
[BlackElo "2297"]
[Round "3.32"]
[Result "1-0"]
[TimeControl "180+2"]

1. d4 Nf6 2.
c4 e6 3. Nf3 b6 4. Bg5 Bb7 5. Nc3 Bb4 6. Nd2 Bxc3 7. bxc3 h6 8. Bh4 d6 9. e4 g5 10. Bg3 Nxe4 11. Nxe4 Bxe4 12. h4 Rg8 13. hxg5 hxg5 14. Rh6 Nd7 15. a4 a5 16. Bd3 Bxd3 17. Qxd3 Qe7 18. Rb1 Rc8 19. Qf3 Nf8 20. Qb7 Qd7 21. Rb5 Kd8 22. Qf3 f5 23. Qh5 f4 24. Rxg5 Rxg5 1-0

[Site "Europe Echecs"]

[Event "Championnat d'Europe de Blitz"]
[Date "2024.12.09"]
[White "Denk, Adolf"]
[Black "Subelj, Jan"]
[WhiteElo "2113"]
[BlackElo "2526"]
[Round "3.33"]
[Result "0-1"]
[TimeControl "180+2"]

1. d4 Nf6 2.
Nf3 c6 3. g3 d5 4. Bg2 Bf5 5. Nbd2 h6 6. b3 e6 7. Bb2 Nbd7 8. O-O Bd6 9. h3 Qe7 10. c4 Ba3 11. Qc1 Bxb2 12. Qxb2 O-O 13.
Ne5 a5 14.
a3 Bh7 15.
Rac1 Rfd8 16. Kh2 Nxe5 17. dxe5 Nd7 18. e4 Nc5 19. cxd5 cxd5 20. exd5 Nd3 21. Qa1 exd5 22. Rcd1 Qxe5 23. Qa2 Rac8 24. Nf3 Qf6 25. Rd2 Nc1 26. Qb2 Qxb2 27. Rxb2 d4 28. Ne5 Rc3 29. b4 axb4 30. axb4 d3 31. Rd2 Nb3 32. Rdd1 d2 33. Bxb7 Bc2 34. Bf3 Bxd1 35. Bxd1 Rc1 36. Kg2 Nd4 37. f4 Nb5 38. Kf2 Nc3 39. Bb3 Rxf1+ 40. Kxf1 d1=Q+ 0-1

[Site "Europe Echecs"]